 Dungeon Crawl Stone Soup version 0.27-a0-1140-g099f9bb0e8 (webtiles) character file.

Game seed: 3980585999288478139

121 experimilk the Firebug (level 5, -19/41 HPs)
             Began as a Hill Orc Fire Elementalist on May 10, 2021.
             Splashed by Ijyb's acid (20 damage)
             ... on level 3 of the Dungeon.
             The game lasted 00:13:23 (4199 turns).

experimilk the Firebug (Hill Orc Fire Elementalist) Turns: 4199, Time: 00:13:23

Health: -19/41     AC: -2    Str: 11    XL:     5   Next: 5%
Magic:  1/8        EV: 12    Int: 16    God:
Gold:   17         SH:  0    Dex: 11    Spells: 0/8 levels left

rFire    . . .     SeeInvis .   i - +2 dagger (vamp)
rCold    . . .     Faith    .   (no shield)
rNeg     . . .     Spirit   .   a - +0 robe
rPois    .         Reflect  .   (no helmet)
rElec    .         Harm     .   (no cloak)
rCorr    .         Rampage  .   (no gloves)
Will     +....                  (no boots)
Stlth    ++........             (no amulet)
HPRegen  0.13/turn              d - ring of willpower
MPRegen  0.11/turn              (no ring)

@: corroded
A: no striking features
a: no special abilities


You were on level 3 of the Dungeon.
You visited 1 branch of the dungeon, and saw 3 of its levels.

You collected 17 gold pieces.

Inventory:

Hand Weapons
 c - a +0 dagger
 g - a +0 short sword
 i - a +2 vampiric dagger (weapon)
Missiles
 m - 8 atropa-tipped darts (quivered)
Armour
 a - a +0 robe (worn)
 l - a +0 leather armour
Jewellery
 d - a ring of willpower (left hand)
Scrolls
 h - a scroll of summoning {unknown}
 j - a scroll of holy word {unknown}
 n - a scroll of enchant armour {unknown}
Potions
 b - a potion of mutation
 f - a potion of attraction {unknown}
 k - a potion of brilliance {unknown}
 o - 2 potions of curing {unknown}


   Skills:
 + Level 1.8 Fighting
 + Level 2.0 Dodging
 - Level 1.5 Stealth
 + Level 2.0 Spellcasting
 * Level 2.6 Conjurations
 * Level 4.2 Fire Magic


You couldn't memorise any spells.
You knew the following spells:

 Your Spells              Type           Power      Damage    Failure   Level
a - Foxfire               Conj/Fire      48%        2x1d6     4%          1
b - Conjure Flame         Conj/Fire      12%        6-21      16%         3
c - Sticky Flame          Conj/Fire      12%        2d4       45%         4

Your spell library contained the following spells:

 Spells                   Type           Power      Damage    Failure   Level
 Beastly Appendage        Tmut           2%         N/A       21%         1
 Inner Flame              Hex/Fire       8%         N/A       26%         3
 Wereblood                Tmut           1%         N/A       30%         2
 Spider Form              Tmut/Pois      0%         N/A       52%         3
 Fireball                 Conj/Fire      6%         3d5       80%         5
 Ice Form                 Ice/Tmut       1%         N/A       90%         4
 Hydra Form               Tmut           0%         N/A       99%         5


Dungeon Overview and Level Annotations

Branches:
Dungeon (3/15)

Altars:
The Shining One

Annotations:
D:2 1 runed translucent door, Crazy Yiuf
D:3 Ijyb


Message History

The foxfire hits Ijyb but does no damage.
Ijyb is lightly wounded.
The foxfire hits Ijyb but does no damage.
Ijyb is lightly wounded.
Ijyb zaps a wand.
The bolt of acid misses you.
Casting: Foxfire (safe; 4% risk of failure)
Confirm with . or Enter, or press ? or * to list all spells.
You conjure some foxfire!
The foxfire hits Ijyb but does no damage.
Ijyb is lightly wounded.
The foxfire hits Ijyb.
Ijyb is lightly wounded.
Ijyb barely misses you.
Casting: Foxfire (safe; 4% risk of failure)
Confirm with . or Enter, or press ? or * to list all spells.
You conjure some foxfire!
The foxfire hits Ijyb but does no damage.
Ijyb is lightly wounded.
The foxfire hits Ijyb but does no damage.
Ijyb is lightly wounded.
Ijyb barely misses you.
Casting: Foxfire (safe; 4% risk of failure)
Confirm with . or Enter, or press ? or * to list all spells.
You conjure some foxfire!
The foxfire hits Ijyb but does no damage.
Ijyb is lightly wounded.
The foxfire hits Ijyb but does no damage.
Ijyb is lightly wounded.
Ijyb zaps a wand.
The bolt of acid hits you! The acid corrodes you!
You are splashed with acid!
The bolt of acid hits your foxfire!
Your foxfire is splashed with acid.
The acid corrodes your foxfire!
Casting: Foxfire (safe; 4% risk of failure)
Confirm with . or Enter, or press ? or * to list all spells.
You conjure some foxfire!
The foxfire hits Ijyb but does no damage.
Ijyb is lightly wounded.
Ijyb zaps a wand.
The bolt of acid hits you!
* * * LOW HITPOINT WARNING * * *
You are splashed with acid!!
You die...

...#
#####...#.#.#.#.....##
........#.#.#.#...... .
........#.#.........# .#
#.............#.....# ..#
....................##..
#..)............§.....
...##.###.....#v..#.####.#
#.†##...........@g........
#..######......§.v..####.#
#..#### #.###........)...#
#..##.# #.# #.##..########
#..##.# #.# #.##...###
...##.###.# #.##......
##........# #.##..##.#
########### #.##..##.#####
#############.##..##.....#


You could see Ijyb (ally target).

Vanquished Creatures
  Jessica (D:2)
  An adder (D:2)
  4 gnolls (D:3)
  5 endoplasms
  2 hobgoblins (D:1)
  8 jackals
  5 kobolds
  A quokka (D:1)
  3 ball pythons
  2 bats
  4 frilled lizards
  5 goblins
  10 rats
51 creatures vanquished.

Vanquished Creatures (others)
  139 foxfires
139 creatures vanquished.

Grand Total: 190 creatures vanquished

Notes
Turn   | Place    | Note
-------+----------+-------------------------------------------
     0 | D:1      | experimilk the Hill Orc Fire Elementalist began the quest
                  | for the Orb.
     0 | D:1      | Reached XP level 1. HP: 14/14 MP: 3/3
   417 | D:1      | Reached XP level 2. HP: 21/22 MP: 0/4
  1055 | D:1      | Reached XP level 3. HP: 25/27 MP: 0/5
  1209 | D:1      | Learned a level 3 spell: Conjure Flame
  1722 | D:2      | Reached skill level 1 in Fighting
  1829 | D:2      | Found a glowing golden altar of the Shining One.
  2217 | D:2      | Noticed Jessica
  2229 | D:2      | Killed Jessica
  2230 | D:2      | Reached XP level 4. HP: 18/35 MP: 0/6
  2506 | D:2      | Reached skill level 4 in Fire Magic
  3093 | D:2      | Found a faded altar of an unknown god.
  3219 | D:2      | Found a runed translucent door.
  3220 | D:2      | Noticed Crazy Yiuf
  4058 | D:3      | Reached XP level 5. HP: 34/41 MP: 0/8
  4141 | D:3      | Learned a level 4 spell: Sticky Flame
  4185 | D:3      | Noticed Ijyb
  4199 | D:3      | HP: 1/41 [Ijyb/bolt of acid (12)]
  4199 | D:3      | Splashed by Ijyb's acid

Illustrated notes

Levels and vault maps discovered:
D:1:      eino_arrival_tree_alley, layout_basic
D:2:      mumra_celtic_spiral_tile, layout_loops_ring, basic_ecumenical_altar,
          basic_altar, minmay_tetromino_o2, uniq_crazy_yiuf_cottage,
          uniq_jessica
D:3:      layout_basic, uniq_ijyb

Skill      XL: |  1  2  3  4 |
---------------+-------------+-----
Fighting       | 1 |  1.8
Conjurations   | 2 |  2.6
Fire Magic     | 4 |  4.2
Dodging        | 2 |  2.0
Spellcasting   | 2 |  2.0
Stealth        | |  1.5

Action                   |  1- 3 |  4- 6 || total
-------------------------+-------+-------++-------
Melee: Unarmed           |     4 |       ||     4
       Dagger            |    34 |    25 ||    59
 Cast: Foxfire           |    51 |    29 ||    80
       Conjure Flame     |     3 |     2 ||     5
  Use: Scroll            |     2 |       ||     2
       Potion            |       |     2 ||     2
Armor: Robe              |    16 |     2 ||    18
       Skin              |       |     3 ||     3
Dodge: Dodged            |    32 |    21 ||    53

Table legend: (Time is in decaauts)
 A = Elapsed time spent in this place.
 B = Non-inter-level travel time spent in this place.
 C = Inter-level travel time spent in this place.
 D = Time resting spent in this place.
 E = Time spent auto-exploring this place.
 F = Levels seen in this place.
 G = Mean time per level.
                   A        B        C        D        E       F      G
               +--------+--------+--------+--------+--------+-----+--------+
         Total |   4183 |   4097 |     86 |   1823 |    853 |   3 | 1394.3 |
       Dungeon |   4183 |   4097 |     86 |   1823 |    853 |   3 | 1394.3 |
               +--------+--------+--------+--------+--------+-----+--------+

Top non-repeatable levels by time:
     D:2: 2118 daAuts
     D:1: 1428 daAuts
     D:3: 636 daAuts
